 Dungeon Crawl Stone Soup version 0.10.0-21-g6e717ff character file.

91 KuKumber the Sneak (level 2, -3/14 HPs)
             Began as a Spriggan Stalker on Mar 8, 2012.
             Was an Initiate of Fedhas.
             Slain by a hobgoblin
             ... wielding a +0,+0 club
              (5 damage)
             ... on Level 2 of the Dungeon.
             The game lasted 00:05:56 (780 turns).

KuKumber the Sneak (Spriggan Stalker)                Turns: 780, Time: 00:05:56

HP  -3/14        AC  3     Str  6      XL: 2   Next: 61%
MP   4/4         EV 19     Int 13      God: Fedhas [......]
Gold 73          SH  0     Dex 17      Spells:  1 memorised,  3 levels left

Res.Fire  : . . .   See Invis. : +   a - +2 dagger {=f}
Res.Cold  : . . .   Warding    : . . b - +0 robe
Life Prot.: . . .   Conserve   : .   (shield restricted)
Res.Acid. : . . .   Res.Corr.  : .   (helmet restricted)
Res.Poison: .       Clarity    : .   c - +0 cloak
Res.Elec. : .       Spirit.Shd : .   (gloves unavailable)
Sust.Abil.: . .     Rnd.Telep. : +   (boots unavailable)
Res.Mut.  : .       Ctrl.Telep.: .   (no amulet)
Res.Rott. : .       Levitation : .   (no ring)
Saprovore : . . .   Ctrl.Flight: .   g - cursed ring of teleportation

@: very quick, slightly resistant to hostile enchantments, quite stealthy
A: unfitting armour, see invisible, herbivore 3, speed 3, slow metabolism 3
a: Renounce Religion, Evoke Teleportation


You were on level 2 of the Dungeon.
You worshipped Fedhas.
Fedhas was noncommittal.
You were not hungry.

You visited 1 branch of the dungeon, and saw 2 of its levels.

You collected 53 gold pieces.

Inventory:

Hand weapons
 a - a +2,+2 dagger (weapon) {=f}
Armour
 b - a +0 robe (worn)
 c - a +0 cloak (worn)
Comestibles
 i - a bread ration
Scrolls
 k - a scroll of enchant armour {unknown}
 m - a scroll of curse armour {unknown}
Jewellery
 g - a cursed ring of teleportation (left hand)
Potions
 e - 3 potions of confusion
 f - a potion of porridge
 h - a potion of might {unknown}
 j - a potion of poison
 l - a potion of levitation {unknown}
Books
 d - a book of Stalking

   Spells                             Type                      Level
   *Fulsome Distillation              Transmutation/Necromancy     1
   Evaporate                          Fire/Transmutation           2
   Passwall                           Transmutation/Earth          3
   Petrify                            Transmutation/Earth          4
   Dig                                Transmutation/Earth          4


   Skills:
 + Level 0.8 Fighting
 + Level 1.3 Short Blades
 + Level 3.6 Dodging
 + Level 3.8 Stealth
 + Level 3.7 Stabbing
 + Level 1.6 Spellcasting
 + Level 2.9 Transmutations


You had 3 spell levels left.
You knew the following spells:

 Your Spells              Type           Power        Failure   Level  Hunger
a - Fulsome Distillation  Trmt/Necr      N/A          17%         1    Strawberry

Dungeon Overview and Level Annotations

Branches:
Dungeon (2/27)

Altars:
Fedhas


Innate Abilities, Weirdness & Mutations

You are tiny and cannot use many weapons and most armour.
You have supernaturally acute eyesight.
You are a herbivore.
You cover ground extremely quickly.
You need consume almost no food.


Message History

The hobgoblin barely misses you.
You closely miss the hobgoblin.
The hobgoblin is heavily wounded.
The hobgoblin misses you. The hobgoblin barely misses you.
No missiles available.
Use F to throw any item.
The hobgoblin completely misses you. The hobgoblin completely misses you.
The hobgoblin hits you with a club.
* * * LOW HITPOINT WARNING * * *
The hobgoblin hits you with a club.
* * * LOW HITPOINT WARNING * * *
The hobgoblin barely misses you. The hobgoblin closely misses you.
The hobgoblin closely misses you. The hobgoblin closely misses you.
The hobgoblin hits you but does no damage.
The hobgoblin hits you with a club.
You die...
Fedhas appreciates your contribution to the ecosystem.

#....# #....#
#....# #.##.#
#.##.# #.##.#
#.##.# #.##.#
#.##.# #.##.#
#@##.# #g##.#
#%##.# #.##.#
#.##.# #.##.#
#.##%#
#.##.########
#.##........#
#.##........#
#........#


You could see a hobgoblin.

Vanquished Creatures
  An adder (D:2)
  A giant gecko (D:1)
  2 bats
  2 hobgoblins
  A goblin (D:1)
  A kobold (D:1)
  A rat (D:1)
9 creatures vanquished.

Notes
Turn   | Place    | Note
--------------------------------------------------------------
     0 | D:1      | KuKumber, the Spriggan Stalker, began the quest for the Orb.
     0 | D:1      | Reached XP level 1. HP: 10/10 MP: 2/2
   648 | D:2      | Reached XP level 2. HP: 14/14 MP: 4/4
   692 | D:2      | Found a blossoming altar of Fedhas.
   728 | D:2      | Became a worshipper of Fedhas Madash
   780 | D:2      | Slain by a hobgoblin
